 Dungeon Crawl Stone Soup version 0.30-a0-879-ga8ba668304 (webtiles) character file.

Game seed: 17613822004423298974

127 cforsyth the Trooper (level 5, -3/43 HPs)
             Began as a Barachi Fighter on Mar 13, 2023.
             Blown up by Ijyb (16 damage)
             ... with a mindburst bolt
             ... on level 3 of the Dungeon.
             The game lasted 00:04:11 (1704 turns).

cforsyth the Trooper (Barachi Fighter)              Turns: 1704, Time: 00:04:12

Health: -3/43      AC:  8    Str: 19    XL:     5   Next: 11%
Magic:  5/5        EV:  9    Int:  9    God:
Gold:   122        SH:  4    Dex: 11    Spells: 4/4 levels left

rFire   . . .      SeeInvis .    a - +0 war axe
rCold   . . .      Faith    .    c - +0 buckler
rNeg    . . .      Spirit   .    b - +0 scale mail
rPois   .          Reflect  .    f - +0 helmet
rElec   .          Rampage  .    (no cloak)
rCorr   .                        (no gloves)
Will    .....                    (no boots) Stlth
                                 (no amulet)
HPRegen 0.27/turn                (no ring)
MPRegen 0.09/turn                (no ring)

@: attractive, slow
A: amphibious, slowness 1, strong legs 1, +LOS
a: Hop


You were on level 3 of the Dungeon.
You visited 1 branch of the dungeon, and saw 3 of its levels.

You collected 122 gold pieces.

Inventory:

Hand Weapons
 a - a +0 war axe (weapon)
Armour
 b - a +0 scale mail (worn)
 c - a +0 buckler (worn)
 f - a +0 helmet (worn)
Jewellery
 n - a ring of willpower
 u - an amulet of faith
 v - a ring of poison resistance
Scrolls
 e - 2 scrolls of fear {unknown}
 g - 2 scrolls of vulnerability {unknown}
 h - a scroll of silence {unknown}
 i - 2 scrolls of teleportation {unknown}
 k - 4 scrolls of identify {unknown}
 l - 2 scrolls of enchant weapon {unknown}
 q - a scroll of noise {unknown}
 r - a scroll of magic mapping {unknown}
 s - a scroll of summoning {unknown}
Potions
 d - a potion of might
 j - a potion of brilliance {unknown}
 m - a potion of mutation {unknown}
 o - a potion of attraction
 p - 2 potions of curing
 t - a potion of ambrosia {unknown}


   Skills:
 + Level 4.6 Fighting
 + Level 3.3 Axes
 + Level 4.6 Armour
 + Level 4.1 Shields


You had 4 spell levels left.
You didn't know any spells.
Your spell library contained the following spells:

 Spells                   Type           Power      Damage    Failure   Level
 Sandblast                Erth           0%         2d4       83%         1
 Passwall                 Tmut/Erth      0%         N/A       92%         2
 Stone Arrow              Conj/Erth      0%         3d7       99%         3


Dungeon Overview and Level Annotations

Branches:
Dungeon (3/15)

Altars:
Wu Jian

Annotations:
D:3 Ijyb


Innate Abilities, Weirdness & Mutations

You are amphibious.
You cover ground slowly.
You can hop short distances.
You have an extended range of vision and can be seen from far away.


Message History

Ijyb shouts!
Ijyb screams, "I no like you!"
Ijyb is nearby!
You barely miss Ijyb. Ijyb hits you with a +0 club.
You barely miss Ijyb. Ijyb hits you but does no damage. x2
You closely miss Ijyb.
Ijyb zaps a wand.
Your mind is blasted!
You hit Ijyb.
Ijyb is moderately wounded.
Ijyb closely misses you.
You completely miss Ijyb.
Ijyb is moderately wounded.
You block Ijyb's attack. Ijyb barely misses you.
You hit Ijyb but do no damage.
Ijyb is moderately wounded.
Ijyb zaps a wand.
Your mind is blasted!
* * * LOW HITPOINT WARNING * * *
You are too injured to fight recklessly!
You are too injured to fight recklessly!
You are too injured to fight recklessly!
You are too injured to fight recklessly!
You are too injured to fight recklessly!
You are too injured to fight recklessly!
You are too injured to fight recklessly!
You are too injured to fight recklessly!
You are too injured to fight recklessly!
You completely miss Ijyb.
Ijyb is moderately wounded.
You block Ijyb's attack.
It was a potion of curing.
You feel better. Ijyb hits you with a +0 club.
* * * LOW HITPOINT WARNING * * *
It was a potion of attraction.
You feel attractive to monsters. Ijyb hits you but does no damage.
You hit Ijyb.
Ijyb is moderately wounded.
Ijyb misses you. Ijyb hits you but does no damage.
You hit Ijyb.
Ijyb is moderately wounded.
Ijyb zaps a wand.
Your mind is blasted!
You die...

#....#.# #.<)#
#...##.# #...#
##...##.######...####
#....................
#................. #
#.##..............
#.##.##>######...####
#.......# #...#
......#@#### #...#
#### #g# #...# #.#
#...# #.# #...# #.#
#...# . ..# ###


You could see Ijyb.

Vanquished Creatures
  3 gnolls (D:2)
  3 adders (D:2)
  2 worms (D:2)
  2 dart slugs
  5 ball pythons
  5 endoplasms
  2 giant cockroaches
  5 hobgoblins
  5 jackals
  5 kobolds
  2 quokkas (D:1)
  6 bats
  4 frilled lizards
  7 goblins
  6 rats
62 creatures vanquished.

Notes
Turn   | Place    | Note
-------+----------+-------------------------------------------
     0 | D:1      | cforsyth the Barachi Fighter began the quest for the Orb.
     0 | D:1      | Reached XP level 1. HP: 18/18 MP: 1/1
    68 | D:1      | Reached XP level 2. HP: 25/25 MP: 2/2
   201 | D:1      | Found a faded altar of an unknown god.
   399 | D:1      | Reached XP level 3. HP: 30/30 MP: 3/3
   774 | D:2      | Reached XP level 4. HP: 9/37 MP: 4/4
   979 | D:2      | Found an ornate altar of the Wu Jian Council.
  1325 | D:2      | Reached XP level 5. HP: 43/43 MP: 5/5
  1692 | D:3      | Noticed Ijyb
  1704 | D:3      | Blown up by Ijyb

Illustrated notes

Levels and vault maps discovered:
D:1:      roderic_octagonal_star, layout_loops_ring,
          ebering_ecumenical_altar_petrified
D:2:      layout_rooms, basic_altar, minmay_octomino_e4
D:3:      layout_loops_cross, uniq_ijyb

Skill      XL: |  1  2  3  4 |
---------------+-------------+-----
Fighting       | 4 |  4.6
Armour         | 4 |  4.6
Axes           | 3 |  3.3
Shields        | 4 |  4.1

Action                     |  1- 3 |  4- 6 || total
---------------------------+-------+-------++-------
  Melee: War axe           |   112 |    71 ||   183
    Use: Potion            |       |     2 ||     2
 Armour: Scale mail        |    74 |    47 ||   121
  Dodge: Dodged            |    77 |    54 ||   131
  Block: Buckler           |    46 |    16 ||    62

Table legend: (Time is in decaauts)
 A = Elapsed time spent in this place.
 B = Non-inter-level travel time spent in this place.
 C = Inter-level travel time spent in this place.
 D = Time resting spent in this place.
 E = Time spent auto-exploring this place.
 F = Levels seen in this place.
 G = Mean time per level.
                   A        B        C        D        E       F      G
               +--------+--------+--------+--------+--------+-----+--------+
         Total |   2013 |   1981 |     32 |     89 |   1410 |   3 |  671.0 |
       Dungeon |   2013 |   1981 |     32 |     89 |   1410 |   3 |  671.0 |
               +--------+--------+--------+--------+--------+-----+--------+

Top non-repeatable levels by time:
     D:1: 965 daAuts
     D:2: 847 daAuts
     D:3: 201 daAuts
